[Event "Titled Tuesday Blitz April 11 Early 2023"]
[White "Hartikainen, Jarmo"]
[Black "Zou, Brendan"]
[WhiteFideId "503134"]
[BlackFideId "3221296"]
[WhiteElo "2059"]
[BlackElo "1852"]
[Result "0-1"]
[Round "09"]
[TimeControl "180+2"]
[Date "2023.04.11"]
[WhiteClock "0:00:02"]
[BlackClock "0:00:04"]

1. e4 c5 2. c3 Nf6 3. e5 Nd5 4. d4 cxd4 5. Nf3 e6 6. cxd4 d6 7. Nc3 Nc6 8. Bd3 Be7 9. Qe2 dxe5 10. dxe5 Bd7 11. Bd2 Qb6 12. O-O Nxc3 13. bxc3 O-O 14. Qe4 g6 15. Bh6 Rfd8 16. h4 Bf8 17. Bxf8 Rxf8 18. h5 Ne7 19. hxg6 hxg6 20. Rab1 Qc6 21. Rxb7 Qxe4 22. Bxe4 Rad8 23. Rxa7 Nc6 24. Ra6 Ne7 25. Rb1 Nf5 26. c4 Bc8 27. Ra5 Nd4 28. c5 Ne2+ 29. Kf1 Nc3 30. Re1 Nxe4 31. Rxe4 Bb7 32. Rc4 Rd5 33. Ra7 Bc6 34. Rc7 Bb5 35. g3 Bxc4+ 36. Kg2 Bxa2 37. c6 Rc5 38. Ng5 Bd5+ 39. f3 Rxc6 40. Rd7 Rc2+ 41. Kh3 Bb3 42. Ne4 Re2 43. Nf6+ Kg7 44. Rd4 Rh8+ 45. Kg4 Reh2 46. Rd3 Bd5 47. Rc3 Rf2 48. Rd3 Bc4 49. Rc3 Be2 50. Ra3 Bd1 51. Rc3 Rfh2 52. Ra3 Be2 53. Rc3 Bb5 54. Rb3 Bf1 55. Rc3 Bh3+ 56. Kf4 Rf2 57. Rc7 Bf5 58. Rc3 Bb1 59. Re3 g5+ 60. Kg4 Rg2 61. f4 gxf4 62. Kxf4 Rf2+ 63. Kg4 Rf5 0-1


[Site "https://www.chess.com"]

[Event "Titled Tuesday Blitz April 11 Early 2023"]
[White "Goswami, Vedant"]
[Black "Do Nascimento,Christian Almeida"]
[WhiteFideId "5003725"]
[BlackFideId "2143801"]
[WhiteElo "2011"]
[BlackElo "2125"]
[Result "0-1"]
[Round "09"]
[TimeControl "180+2"]
[Date "2023.04.11"]
[WhiteClock "0:00:13"]
[BlackClock "0:00:53"]

1. b3 e5 2. Bb2 Nc6 3. Nf3 d6 4. d4 exd4 5. Nxd4 Nf6 6. Nc3 Be7 7. g3 O-O 8. Bg2 Bd7 9. O-O Nxd4 10. Qxd4 Bc6 11. e4 Re8 12. Rfe1 Nd7 13. Rad1 Bf6 14. Qd2 Nb6 15. Bc1 a5 16. a4 Qe7 17. Ba3 Qe5 18. Nd5 Bxd5 19. exd5 Qc3 20. Bc1 Rxe1+ 21. Rxe1 Kf8 22. Qxc3 Bxc3 23. Re3 Bf6 24. Bd2 Bg5 25. f4 Bf6 26. Kf1 Nd7 27. Bf3 Nc5 28. Ke2 Bd4 29. Bg4 Bxe3 30. Bxe3 b5 31. Bxc5 dxc5 32. Bd7 bxa4 33. Bxa4 Ke7 34. Kd3 Kd6 35. c4 h5 36. Kd2 g6 37. Kd3 f6 38. Bb5 g5 39. fxg5 fxg5 40. Ke4 Rf8 41. Ke3 g4 42. Ke2 Rf3 43. Ba4 Ke7 44. Ke1 h4 45. gxh4 Rh3 46. Kf2 Kd6 47. Kg2 Ke5 48. h5 Kf4 0-1


[Site "https://www.chess.com"]

[Event "Titled Tuesday Blitz April 11 Early 2023"]
[White "Quirke, Jeffrey"]
[Black "Grave, Jacob Templen"]
[WhiteFideId "2013029"]
[BlackFideId "1542656"]
[WhiteElo "2235"]
[BlackElo "2189"]
[Result "0-1"]
[Round "09"]
[TimeControl "180+2"]
[Date "2023.04.11"]
[WhiteClock "0:00:02"]
[BlackClock "0:00:03"]

1. e4 e5 2. Nf3 Nc6 3. Bb5 a6 4. Ba4 Nf6 5. Qe2 b5 6. Bb3 Bc5 7. h3 d6 8. d3 h6 9. c3 Bb6 10. Be3 Bxe3 11. Qxe3 Qe7 12. a4 Rb8 13. Nbd2 b4 14. O-O O-O 15. Rfe1 Be6 16. Bxe6 Qxe6 17. d4 Qe7 18. a5 bxc3 19. bxc3 exd4 20. cxd4 Rb5 21. d5 Ne5 22. Nd4 Rb7 23. Rec1 Rfb8 24. f4 Ng6 25. Nc6 Qe8 26. Nxb8 Rxb8 27. Qf3 Rb4 28. Rxc7 Nxe4 29. Nxe4 Rxe4 30. Rc6 Rxf4 31. Qb3 Qe5 32. Rac1 Qd4+ 33. Kh2 Rf2 34. Qg3 Kh7 35. Rxd6 Nf4 36. Rdc6 Rxg2+ 37. Qxg2 Nxg2 38. Kxg2 Qxd5+ 39. Kh2 Qxa5 40. Rc7 Qe5+ 41. Kg2 a5 42. Kg1 a4 43. Kg2 a3 44. R7c2 a2 0-1


[Site "https://www.chess.com"]

[Event "Titled Tuesday Blitz April 11 Early 2023"]
[White "Bluebaum, Matthias"]
[Black "Korobov, Anton"]
[WhiteFideId "24651516"]
[BlackFideId "14105730"]
[WhiteElo "2638"]
[BlackElo "2638"]
[Result "1/2-1/2"]
[Round "10"]
[TimeControl "180+2"]
[Date "2023.04.11"]
[WhiteClock "0:01:47"]
[BlackClock "0:01:13"]

1. d4 Nf6 2. c4 e6 3. Nc3 Bb4 4. e3 O-O 5. Bd2 d5 6. Nf3 b6 7. cxd5 exd5 8. Rc1 a6 9. Bd3 Bb7 10. O-O Bd6 11. Ne5 c5 12. f4 Nc6 13. Ng4 Nb4 14. Bb1 c4 15. Be1 Nxg4 16. Qxg4 Re8 17. Bh4 Be7 18. Bf2 b5 19. a3 Nd3 20. Bxd3 cxd3 21. Qf5 Rc8 22. Qxd3 Qd7 23. Nb1 Rc4 24. b3 Rc6 1/2-1/2


[Site "https://www.chess.com"]

[Event "Titled Tuesday Blitz April 11 Early 2023"]
[White "Sarana, Alexey"]
[Black "Svane, Frederik"]
[WhiteFideId "24133795"]
[BlackFideId "12923044"]
[WhiteElo "2714"]
[BlackElo "2502"]
[Result "1-0"]
[Round "10"]
[TimeControl "180+2"]
[Date "2023.04.11"]
[WhiteClock "0:00:09"]
[BlackClock "0:00:02"]

1. d4 Nf6 2. c4 e6 3. Nc3 Bb4 4. e3 b6 5. Ne2 Ne4 6. Qd3 Bb7 7. f3 Nxc3 8. Nxc3 d6 9. Bd2 Nd7 10. Be2 O-O 11. O-O e5 12. a3 Bxc3 13. Bxc3 Qe7 14. e4 a5 15. b3 h6 16. Rfe1 Rfe8 17. Bf1 Qg5 18. Rad1 Rad8 19. Qd2 Qg6 20. b4 axb4 21. axb4 exd4 22. Bxd4 f5 23. exf5 Qxf5 24. Qf2 Nf6 25. h3 Qf4 26. Bb2 Bc8 27. Qd4 Qxd4+ 28. Bxd4 Rxe1 29. Rxe1 Kf7 30. Kf2 Bb7 31. g4 c5 32. bxc5 bxc5 33. Be3 Ra8 34. Rb1 Bc8 35. Rb6 Ra6 36. Rb2 Ra4 37. Bd3 Ra3 38. Ke2 Ra4 39. f4 h5 40. g5 Ne8 41. f5 Ba6 42. Kd2 Bxc4 43. Rb7+ Kf8 44. Bc2 Ra3 45. f6 gxf6 46. g6 Ra8 47. Bh6+ Kg8 48. Bf5 Bd5 49. Re7 Bc4 50. Bd7 Nc7 51. Bc6 Ra7 52. Rd7 Ra2+ 53. Kc3 Ne6 54. Kxc4 Rc2+ 55. Kd5 Re2 56. Kxd6 Nf8 57. Bxf8 Kxf8 58. Bd5 Re7 59. Rxe7 1-0


[Site "https://www.chess.com"]

[Event "Titled Tuesday Blitz April 11 Early 2023"]
[White "Anton Guijarro, David"]
[Black "Nakamura, Hikaru"]
[WhiteFideId "2285525"]
[BlackFideId "2016192"]
[WhiteElo "2618"]
[BlackElo "2885"]
[Result "0-1"]
[Round "10"]
[TimeControl "180+2"]
[Date "2023.04.11"]
[WhiteClock "0:00:03"]
[BlackClock "0:00:27"]

1. d4 Nf6 2. Nf3 e6 3. Bg5 h6 4. Bxf6 Qxf6 5. e4 d6 6. Nc3 Qe7 7. a4 a6 8. Bc4 g6 9. O-O Bg7 10. Re1 Nd7 11. a5 O-O 12. Qd2 Rd8 13. d5 e5 14. b4 Nf8 15. h3 f5 16. Rab1 f4 17. Be2 Nh7 18. Na4 h5 19. c4 g5 20. Nh2 Nf6 21. Qd1 Bd7 22. Nc3 Qf7 23. Ra1 Qg6 24. f3 Bf8 25. Ra3 Be7 26. b5 Kf7 27. bxa6 bxa6 28. Rb3 Ra7 29. Qb1 g4 30. hxg4 hxg4 31. Nxg4 Bxg4 32. fxg4 Nd7 33. Rb7 Rxb7 34. Qxb7 Nc5 35. Qxc7 Rh8 36. Bf3 Qh6 37. Kf1 Qh2 38. Ke2 Rh3 39. Kd1 Rxf3 40. gxf3 Qf2 41. Ne2 Qxf3 42. Qc8 Qb3+ 43. Kc1 Qxc4+ 44. Kd1 Qa4+ 45. Kc1 Qa1+ 46. Kd2 Qb2+ 47. Kd1 Qb1+ 48. Kd2 Nxe4# 0-1


[Site "https://www.chess.com"]

[Event "Titled Tuesday Blitz April 11 Early 2023"]
[White "Narayanan, Srinath"]
[Black "Bortnyk, Olexandr"]
[WhiteFideId "5018420"]
[BlackFideId "14120828"]
[WhiteElo "2438"]
[BlackElo "2734"]
[Result "0-1"]
[Round "10"]
[TimeControl "180+2"]
[Date "2023.04.11"]
[WhiteClock "0:00:33"]
[BlackClock "0:00:48"]

1. Nf3 Nf6 2. c4 b6 3. g3 Bb7 4. Bg2 g6 5. O-O Bg7 6. Nc3 O-O 7. Qc2 Na6 8. d4 e6 9. a3 d5 10. cxd5 exd5 11. Bf4 c5 12. Rfd1 Re8 13. dxc5 Nxc5 14. Nd4 a6 15. Bg5 Rc8 16. e3 Qd7 17. Qe2 Nfe4 18. Nxe4 dxe4 19. Bf4 Nd3 20. Rd2 Bxd4 21. exd4 Nxf4 22. gxf4 Bd5 23. Qe3 f5 24. h4 h5 25. Kh2 Kf7 26. Rg1 Rc6 27. Qg3 Rec8 28. Re2 Bc4 29. Rd2 Qd6 30. d5 Rc5 31. Bh3 Qf6 32. d6 Bd3 33. d7 Rd8 34. f3 Rc2 35. Rxc2 Bxc2 36. fxe4 Bxe4 37. Qb3+ Kg7 38. Rd1 Qxh4 39. Qxb6 Qxf4+ 40. Kg1 Qg3+ 41. Kf1 Qxh3+ 42. Ke1 Qg3+ 43. Kf1 Bd3+ 0-1


[Site "https://www.chess.com"]

[Event "Titled Tuesday Blitz April 11 Early 2023"]
[White "Movahed, Sina"]
[Black "Duda, Jan-Krzysztof"]
[WhiteFideId "42520835"]
[BlackFideId "1170546"]
[WhiteElo "2225"]
[BlackElo "2790"]
[Result "0-1"]
[Round "10"]
[TimeControl "180+2"]
[Date "2023.04.11"]
[WhiteClock "0:00:06"]
[BlackClock "0:00:10"]

1. Nf3 e6 2. g3 b6 3. Bg2 Bb7 4. O-O d5 5. c4 dxc4 6. Qc2 Nd7 7. Qxc4 c5 8. Nc3 a6 9. a4 Ngf6 10. Rd1 Be7 11. d4 Rc8 12. dxc5 Rxc5 13. Qb3 Qc8 14. Be3 Rc4 15. Rac1 O-O 16. Qa2 h6 17. Rc2 b5 18. axb5 axb5 19. Rcd2 Bc6 20. Bd4 Qb7 21. b3 Rb4 22. Qb2 e5 23. Be3 Ra8 24. Na2 Re4 25. Nc3 Rxe3 26. fxe3 Bc5 27. Kf1 Ng4 28. Rd3 e4 29. Nd4 Bxd4 30. Rxd4 Nxe3+ 31. Kg1 Nxd1 32. Nxd1 Nf6 33. Ne3 Qb6 34. h3 Ra2 35. Qc3 Rxe2 36. Bf1 b4 37. Qc1 Qxd4 38. Bxe2 Nd5 39. Kf2 Kh7 40. Bc4 f5 41. Bxd5 Bxd5 42. Qe1 Bxb3 43. Kg2 Be6 44. Nc2 Qb2 45. Qf2 b3 46. Nd4 Qxf2+ 47. Kxf2 b2 0-1


[Site "https://www.chess.com"]

[Event "Titled Tuesday Blitz April 11 Early 2023"]
[White "Drygalov, Andrey"]
[Black "Andreikin, Dmitry"]
[WhiteFideId "24171735"]
[BlackFideId "4158814"]
[WhiteElo "2466"]
[BlackElo "2736"]
[Result "0-1"]
[Round "10"]
[TimeControl "180+2"]
[Date "2023.04.11"]
[WhiteClock "0:00:08"]
[BlackClock "0:01:16"]

1. e4 c5 2. Nf3 e6 3. d4 cxd4 4. Nxd4 Nc6 5. Nc3 a6 6. Be2 Qc7 7. Nxc6 bxc6 8. Qd3 d5 9. Qg3 Qxg3 10. hxg3 Rb8 11. g4 Bd6 12. b3 Nf6 13. g5 Be5 14. Bb2 Nxe4 15. Nxe4 Bxb2 16. Rb1 Ba3 17. Nd2 e5 18. Nf3 Bb4+ 19. Kd1 Bc3 20. Ne1 e4 21. g3 Rb4 22. Ng2 Rd4+ 23. Kc1 a5 24. Ne3 Rd2 25. Re1 h6 26. g6 fxg6 27. Nd1 Rxc2+ 28. Kxc2 Bxe1 29. a3 O-O 30. b4 axb4 31. axb4 Bxf2 32. g4 Bd4 33. b5 cxb5 34. Rxb5 Be6 35. Rb7 Rf4 36. Kd2 Bxg4 37. Bxg4 Rxg4 38. Rd7 Rg2+ 39. Ke1 Rg5 40. Ke2 h5 41. Ne3 Bxe3 42. Kxe3 Rf5 43. Rb7 h4 44. Rb1 h3 45. Rh1 Rh5 0-1


[Site "https://www.chess.com"]

[Event "Titled Tuesday Blitz April 11 Early 2023"]
[White "Kravtsiv, Martyn"]
[Black "Paravyan, David"]
[WhiteFideId "14113147"]
[BlackFideId "4194985"]
[WhiteElo "2695"]
[BlackElo "2563"]
[Result "0-1"]
[Round "10"]
[TimeControl "180+2"]
[Date "2023.04.11"]
[WhiteClock "0:00:04"]
[BlackClock "0:00:20"]

1. e4 e5 2. Nf3 Nf6 3. Nc3 Nc6 4. a4 d5 5. exd5 Nxd5 6. Bb5 Nxc3 7. bxc3 Bd6 8. O-O O-O 9. d4 exd4 10. cxd4 Bg4 11. c3 Qf6 12. a5 Ne7 13. a6 b6 14. h3 Bxf3 15. Qxf3 Qxf3 16. gxf3 c6 17. Bd3 Nd5 18. c4 Nf4 19. Be4 Ne2+ 20. Kg2 Nxd4 21. Be3 Bc5 22. Rad1 Rad8 23. Bxd4 Bxd4 24. Bxc6 Rd6 25. Bd5 Bc5 26. Rfe1 Rfd8 27. Rb1 Kf8 28. Re2 Re8 29. Rxe8+ Kxe8 30. f4 Rf6 31. Re1+ Kd7 32. Re4 Bd6 33. Kf3 g5 34. Rd4 Ke7 35. Bc6 Kf8 36. Bb5 Kg7 37. Kg2 gxf4 38. Kf3 Rh6 39. Kg4 Kf8 40. h4 Ke7 41. h5 Re6 42. Rd2 h6 43. Bc6 Re5 44. Rd5 Re2 45. f3 Rg2+ 46. Kf5 Rh2 47. Ke4 Ra2 48. Bb5 Ra3 49. Rd4 Ke6 50. Rd3 f5+ 51. Kd4 Be5# 0-1


[Site "https://www.chess.com"]

[Event "Titled Tuesday Blitz April 11 Early 2023"]
[White "Pranesh M"]
[Black "Xiong, Jeffery"]
[WhiteFideId "35028600"]
[BlackFideId "2047640"]
[WhiteElo "2437"]
[BlackElo "2726"]
[Result "1/2-1/2"]
[Round "10"]
[TimeControl "180+2"]
[Date "2023.04.11"]
[WhiteClock "0:00:48"]
[BlackClock "0:00:58"]

1. e4 e6 2. d4 d5 3. Nd2 c5 4. Ngf3 Nc6 5. Bb5 cxd4 6. Nxd4 Bd7 7. Nxc6 bxc6 8. Bd3 Qc7 9. O-O Bd6 10. Nf3 Nf6 11. Qe2 dxe4 12. Bxe4 Nxe4 13. Qxe4 Rd8 14. Bd2 O-O 15. Rad1 c5 16. Bc3 f6 17. Qe1 Qb8 18. h3 Kh8 19. Ba5 Bc7 20. b3 c4 21. Qb4 Qxb4 22. Bxb4 Rfe8 23. Nd2 cxb3 24. axb3 a5 25. Bc3 a4 26. Nc4 axb3 27. cxb3 Bc6 28. Ba5 Bxa5 29. Nxa5 Bd5 30. Rc1 Rb8 31. Rc7 Bxb3 32. Nxb3 Rxb3 33. Rd1 Rbb8 34. Rdd7 Rg8 35. Re7 Rbe8 36. Kh2 e5 37. Red7 Rd8 38. Re7 Rde8 39. Red7 h5 40. Rf7 Ref8 41. Rfe7 Kh7 42. Kg3 Kg6 43. f4 exf4+ 44. Kxf4 Ra8 45. Kg3 Ra3+ 46. Kh2 Ra5 47. Red7 Rg5 48. Rc3 Kh6 49. Rg3 Rxg3 50. Kxg3 Ra8 51. Kf3 Ra3+ 52. Kf2 h4 53. Rb7 f5 54. Rc7 g6 55. Rc6 Kg5 56. Rb6 Ra2+ 57. Kf3 Ra4 58. Rc6 Rf4+ 59. Ke3 Rf1 60. Ke2 Rb1 61. Kf3 Rb4 62. Ra6 Rb3+ 63. Kf2 Rb2+ 64. Kf3 Rb8 65. Rc6 Rg8 66. Ra6 Rb8 67. Rd6 Rb5 68. Ra6 Rd5 69. Rc6 Rd3+ 70. Kf2 Rg3 71. Ra6 Kh5 72. Ra8 Rc3 73. Ra6 g5 74. Ra5 f4 75. Ra6 Rc2+ 76. Kf3 Rc3+ 77. Kf2 Rc5 78. Rb6 g4 79. hxg4+ Kxg4 80. Rg6+ Kf5 81. Rg8 Rc2+ 82. Kg1 Rc3 83. Kh2 Rg3 84. Rf8+ Kg4 85. Rg8+ Kf5 86. Rf8+ 1/2-1/2


[Site "https://www.chess.com"]

[Event "Titled Tuesday Blitz April 11 Early 2023"]
[White "Zhigalko, Sergei"]
[Black "Durarbayli, Vasif"]
[WhiteFideId "13502956"]
[BlackFideId "13402935"]
[WhiteElo "2626"]
[BlackElo "2551"]
[Result "1-0"]
[Round "10"]
[TimeControl "180+2"]
[Date "2023.04.11"]
[WhiteClock "0:00:04"]
[BlackClock "0:00:02"]

1. e4 c5 2. Nf3 d6 3. d4 cxd4 4. Qxd4 Nf6 5. Nc3 g6 6. e5 Nc6 7. Bb5 dxe5 8. Qxd8+ Kxd8 9. Bxc6 bxc6 10. Nxe5 Ke8 11. Bd2 Bg7 12. O-O-O Ng4 13. Nxg4 Bxg4 14. f3 Be6 15. Ne4 f5 16. Nc5 Bd5 17. Rhe1 Kf7 18. b3 Bd4 19. Bb4 a5 20. Rxd4 axb4 21. Kb2 Ra5 22. Nd3 Rha8 23. Ra1 Kf6 24. Nxb4 e5 25. Rd2 e4 26. c4 Bxc4 27. fxe4 Be6 28. Nxc6 R5a6 29. e5+ Kg5 30. Nd4 Bd5 31. g3 Kg4 32. a4 1-0


[Site "https://www.chess.com"]

[Event "Titled Tuesday Blitz April 11 Early 2023"]
[White "Terry, Renato"]
[Black "Aravindh, Chithambaram VR."]
[WhiteFideId "3803457"]
[BlackFideId "5072786"]
[WhiteElo "2575"]
[BlackElo "2596"]
[Result "0-1"]
[Round "10"]
[TimeControl "180+2"]
[Date "2023.04.11"]
[WhiteClock "0:00:01"]
[BlackClock "0:00:06"]

1. d4 g6 2. Nf3 Bg7 3. e4 d6 4. c3 Nf6 5. Bd3 O-O 6. Bg5 Nc6 7. O-O e5 8. dxe5 dxe5 9. Qc2 h6 10. Bh4 Qe8 11. Na3 a6 12. Nc4 Nh5 13. Rfe1 Bg4 14. Nfd2 Nf4 15. Bf1 Be6 16. a4 f5 17. exf5 gxf5 18. b4 e4 19. f3 b5 20. Na3 e3 21. Nb3 Nd5 22. axb5 axb5 23. Nxb5 Rxa1 24. Nxa1 Qh5 25. g3 Nxc3 26. Rxe3 Nd4 27. Nxd4 Bxd4 28. Qd3 Nb5 29. Nc2 f4 30. Nxd4 Nxd4 31. Rxe6 Nxe6 32. Qb3 Qe5 33. Bc4 Re8 34. gxf4 Qf5 35. Bg3 h5 36. Kg2 Kf8 37. Qc3 Nxf4+ 38. Bxf4 Qxf4 39. Qh8+ Ke7 40. Qg7+ Kd8 41. Bf7 Re2+ 42. Kh3 Rxh2# 0-1


[Site "https://www.chess.com"]

[Event "Titled Tuesday Blitz April 11 Early 2023"]
[White "Kollars, Dmitrij"]
[Black "Ashraf, Artin"]
[WhiteFideId "12909572"]
[BlackFideId "22514805"]
[WhiteElo "2584"]
[BlackElo "2188"]
[Result "0-1"]
[Round "10"]
[TimeControl "180+2"]
[Date "2023.04.11"]
[WhiteClock "0:00:03"]
[BlackClock "0:00:07"]

1. e4 c5 2. Nf3 d6 3. d4 cxd4 4. Nxd4 Nf6 5. Nc3 a6 6. Be2 e5 7. Nb3 Be7 8. O-O O-O 9. Qd3 Be6 10. Be3 Nbd7 11. Nd5 Bxd5 12. exd5 Nc5 13. Nxc5 dxc5 14. c4 e4 15. Qc2 h6 16. a3 Bd6 17. Rad1 Qe7 18. b4 Nd7 19. Rb1 cxb4 20. axb4 Bxb4 21. Bd4 a5 22. Kh1 f5 23. f3 e3 24. f4 Bc5 25. Ba1 b6 26. Rf3 Qe4 27. Bd3 Qe7 28. Bxf5 Nf6 29. Be6+ Kh8 30. Rg3 Ra7 31. Be5 a4 32. Rh3 Qe8 33. Qf5 Nh7 34. Qg4 Rf6 35. Bf5 Qf8 36. Bd3 a3 37. Qf3 a2 38. Ra1 Bb4 39. Qe4 Qg8 40. Rg3 Bc5 41. h3 Ra3 42. Rg6 Ra7 43. Rg4 Ra3 44. Rg3 Ra7 45. Bc2 Re7 46. Qd3 Ra7 47. Bb3 Ra3 48. Rxa2 Rxa2 49. Bxa2 Qf8 50. Bb1 Qg8 51. Rf3 Rf8 52. Qg6 Rf6 53. Qxh7+ Qxh7 54. Bxh7 Kxh7 55. Bxf6 gxf6 56. Rf1 Bb4 57. Kg1 e2 58. Kf2 exf1=Q+ 59. Kxf1 h5 60. g4 Kg6 61. Ke2 Bc5 62. Kf3 hxg4+ 63. hxg4 Kf7 64. Ke4 Kg6 65. Kf3 f5 66. Kg3 Bd6 67. g5 Kh5 68. Kf3 Kg6 69. Kg3 Bb4 70. Kf3 Kf7 71. Ke3 Ke7 72. Kf3 Bc3 73. Ke3 Bg7 74. Kd3 Kd6 75. Kc2 Bh8 76. Kb3 Kc5 77. Ka4 Kxc4 78. d6 Bc3 79. d7 Bb4 80. d8=Q b5# 0-1


[Site "https://www.chess.com"]

[Event "Titled Tuesday Blitz April 11 Early 2023"]
[White "Gholami Orimi, Mahdi"]
[Black "Zemlyanskii, Ivan"]
[WhiteFideId "12558486"]
[BlackFideId "24249971"]
[WhiteElo "2363"]
[BlackElo "2419"]
[Result "1-0"]
[Round "10"]
[TimeControl "180+2"]
[Date "2023.04.11"]
[WhiteClock "0:00:03"]
[BlackClock "0:00:02"]

1. d4 d5 2. Nc3 Nf6 3. Bf4 c5 4. dxc5 d4 5. Nb1 Nc6 6. Nf3 Qd5 7. e3 e5 8. Bg3 dxe3 9. Qxd5 Nxd5 10. Bc4 Ndb4 11. Na3 Bxc5 12. fxe3 Bxe3 13. c3 Na6 14. Nc2 Bh6 15. Nxe5 Nxe5 16. Bxe5 Nc5 17. O-O Be6 18. Bxe6 Nxe6 19. Rad1 Rd8 20. Rxd8+ Nxd8 21. Rd1 f6 22. Bg3 Nc6 23. b4 Ke7 24. b5 Ne5 25. Nb4 Rc8 26. Bf2 b6 27. Bd4 Ke6 28. Kf2 g6 29. Bxe5 fxe5 30. Nc6 a6 31. Nd8+ Kf5 32. bxa6 Ra8 33. Nf7 Bf8 34. Rd8 Bc5+ 35. Kf3 Rxa6 36. g4+ Kf6 37. Rd7 Rxa2 38. Nd8 h5 39. h3 hxg4+ 40. Kxg4 Rg2+ 41. Kf3 Rf2+ 42. Kg3 Kg5 43. Ne6+ Kh6 44. Nxc5 Rc2 45. Ne4 Re2 46. Kf3 Re1 47. Rb7 Rh1 48. Kg2 Re1 49. Kf3 Rh1 50. Nf2 Rc1 51. Rc7 b5 52. Ng4+ Kh5 53. Rc5 Rf1+ 54. Kg2 Rc1 55. Rxe5+ g5 56. Re6 Rc2+ 57. Nf2 Rxc3 58. Rb6 Rc5 59. Ne4 1-0


[Site "https://www.chess.com"]

[Event "Titled Tuesday Blitz April 11 Early 2023"]
[White "Eljanov, Pavel"]
[Black "Rohith Krishna S"]
[WhiteFideId "14102951"]
[BlackFideId "46617051"]
[WhiteElo "2598"]
[BlackElo "2270"]
[Result "1-0"]
[Round "10"]
[TimeControl "180+2"]
[Date "2023.04.11"]
[WhiteClock "0:00:53"]
[BlackClock "0:00:15"]

1. e4 c5 2. Nf3 d6 3. d4 cxd4 4. Nxd4 Nf6 5. Nc3 Nc6 6. Bg5 e6 7. Qd2 a6 8. O-O-O Bd7 9. Kb1 b5 10. f3 h6 11. Be3 Rc8 12. Nxc6 Bxc6 13. Ne2 e5 14. Nc3 Be7 15. g4 b4 16. Nd5 Bxd5 17. exd5 a5 18. h4 Nd7 19. Bb5 Bxh4 20. g5 Bg3 21. Rh3 Bf4 22. Bxf4 exf4 23. Qxf4 Qc7 24. Rh2 h5 25. g6 f6 26. Qf5 Kd8 27. f4 Nb6 28. Bc6 Qe7 29. Rxh5 Rxh5 30. Qxh5 Nc4 31. Qh3 Kc7 32. Qd3 Nb6 33. Qa6 Nd7 34. Qxa5+ 1-0


[Site "https://www.chess.com"]

[Event "Titled Tuesday Blitz April 11 Early 2023"]
[White "Asis Gargatagli, Hipolito"]
[Black "Lazavik, Denis"]
[WhiteFideId "2260735"]
[BlackFideId "13515110"]
[WhiteElo "2557"]
[BlackElo "2560"]
[Result "0-1"]
[Round "10"]
[TimeControl "180+2"]
[Date "2023.04.11"]
[WhiteClock "0:00:16"]
[BlackClock "0:00:33"]

1. e4 c5 2. Nf3 e6 3. g3 d5 4. exd5 exd5 5. Bg2 Nc6 6. O-O Nf6 7. d4 Be7 8. dxc5 Bxc5 9. Nc3 O-O 10. a3 h6 11. b4 Bb6 12. Bb2 a6 13. Qd3 Ne7 14. Na4 Bf5 15. Qb3 Ng6 16. Nxb6 Qxb6 17. Nd4 Be4 18. f3 Bf5 19. Rfe1 Rac8 20. Kh1 Bd7 21. Re3 Rc4 22. Qd3 a5 23. c3 Qc7 24. Rae1 Rc8 25. Qd2 Nf8 26. Bf1 Ng6 27. Bxc4 dxc4 28. Bc1 axb4 29. axb4 Nd5 30. Nb5 Bxb5 31. Qxd5 Bc6 32. Qf5 Rd8 33. Kg1 Rd5 34. Qc2 Ne5 35. Qe2 Nd3 36. Rf1 b5 37. Bd2 Qd6 38. Be1 Kh7 39. Bf2 Ne5 40. Be1 Nd3 41. Bf2 Bd7 42. Ra1 Bh3 43. Be1 Qg6 44. Re4 Bf5 45. Rd4 Re5 46. Qd2 Qe6 47. Rxd3 cxd3 48. Bf2 Re2 0-1


[Site "https://www.chess.com"]

[Event "Titled Tuesday Blitz April 11 Early 2023"]
[White "Hakobyan, Aram"]
[Black "Bharath Subramaniyam H"]
[WhiteFideId "13306677"]
[BlackFideId "46634827"]
[WhiteElo "2584"]
[BlackElo "2395"]
[Result "1-0"]
[Round "10"]
[TimeControl "180+2"]
[Date "2023.04.11"]
[WhiteClock "0:00:34"]
[BlackClock "0:00:08"]

1. d4 Nf6 2. c4 b6 3. g3 Bb7 4. Nf3 g6 5. Bg2 Bg7 6. O-O O-O 7. Qc2 c5 8. d5 b5 9. e4 bxc4 10. Nc3 d6 11. Nd2 Nbd7 12. Re1 Ne5 13. Bf1 Ba6 14. Nd1 Nd3 15. Re2 Nb4 16. Qa4 c3 17. bxc3 Bxe2 18. Bxe2 a5 19. cxb4 axb4 20. Qc2 Nxe4 21. Rb1 Nxd2 22. Bxd2 Qa5 23. Bc4 Qa4 24. Bb3 Qd7 25. Ne3 e5 26. dxe6 fxe6 27. Re1 Kh8 28. Ng4 Rae8 29. Ba4 Qf7 30. Bxe8 Rxe8 31. Qd3 h5 32. Nh6 Qf6 33. Bg5 Qc3 34. Qxc3 bxc3 35. Nf7+ Kg8 36. Nxd6 Ra8 37. Ne4 Rxa2 38. Rc1 Bd4 39. Be3 Re2 40. Kf1 Bxe3 41. fxe3 Rxe3 42. Nxc5 h4 43. Kf2 hxg3+ 44. hxg3 Re5 45. Rxc3 Kf7 46. Rc4 Rf5+ 47. Ke3 g5 48. Ne4 Kg6 49. Rc6 Re5 50. Rc8 Kf5 51. Rf8+ Kg4 52. Rf6 Kh3 53. Rh6+ Kg4 54. Rg6 Kh5 55. Rg8 Kg4 56. Rg7 Rf5 57. Re7 Re5 58. Rf7 Rf5 59. Rh7 Re5 60. Rh1 Kf5 61. Rf1+ Kg4 62. Rf6 Kh3 63. Kf3 Kh2 64. Rh6+ Kg1 65. Rg6 Rf5+ 66. Kg4 Kg2 67. Rxe6 Rf3 68. Rd6 Re3 69. Rd2+ Kf1 70. Nxg5 1-0


[Site "https://www.chess.com"]

[Event "Titled Tuesday Blitz April 11 Early 2023"]
[White "Vidit, Santosh Gujrathi"]
[Black "Kukhmazov, Arsen"]
[WhiteFideId "5029465"]
[BlackFideId "24108260"]
[WhiteElo "2651"]
[BlackElo "2396"]
[Result "1/2-1/2"]
[Round "10"]
[TimeControl "180+2"]
[Date "2023.04.11"]
[WhiteClock "0:00:17"]
[BlackClock "0:01:16"]

1. c4 c6 2. d4 d5 3. Nf3 Nf6 4. Nc3 dxc4 5. a4 Bf5 6. Ne5 Nbd7 7. Nxc4 Qc7 8. g3 e5 9. dxe5 Nxe5 10. Bf4 Nfd7 11. Bg2 g5 12. Ne3 gxf4 13. Nxf5 O-O-O 14. Qc2 Nc5 15. O-O fxg3 16. hxg3 a5 17. Rad1 h5 18. Rxd8+ Qxd8 19. Rd1 Qf6 20. Ne4 Nxe4 21. Qxe4 Bc5 22. e3 Kb8 23. b3 Ka7 24. Bh3 Ng6 25. Rd7 Rd8 26. Rxd8 Qxd8 27. Qc2 Bb6 28. Qc4 Ne5 29. Qe4 Qd1+ 30. Kg2 f6 31. Nd4 Nd3 32. Nxc6+ bxc6 33. Qe7+ Kb8 34. Qe8+ Ka7 35. Qd7+ Kb8 36. Qc8+ Ka7 37. Qd7+ Kb8 38. Qc8+ Ka7 39. Qd7+ 1/2-1/2


[Site "https://www.chess.com"]

[Event "Titled Tuesday Blitz April 11 Early 2023"]
[White "Siva Mahadevan"]
[Black "Grigoriants, Sergey"]
[WhiteFideId "25043153"]
[BlackFideId "4130804"]
[WhiteElo "2249"]
[BlackElo "2502"]
[Result "1-0"]
[Round "10"]
[TimeControl "180+2"]
[Date "2023.04.11"]
[WhiteClock "0:00:14"]
[BlackClock "0:00:03"]

1. e4 c6 2. d4 d5 3. e5 Bf5 4. c4 e6 5. Nc3 Ne7 6. Nge2 dxc4 7. Ng3 b5 8. a4 b4 9. Nce4 Bxe4 10. Nxe4 Nf5 11. Bxc4 Qxd4 12. Qxd4 Nxd4 13. O-O c5 14. Be3 Nbc6 15. Bb5 a6 16. Bxd4 axb5 17. Bxc5 bxa4 18. Nd6+ Bxd6 19. Bxd6 Ra6 20. Rfc1 Kd7 21. Rc4 Rc8 22. Rd1 Ke8 23. Bxb4 Ne7 24. Rxc8+ Nxc8 25. f4 Rb6 26. Ba3 Ne7 27. Rd4 Ra6 28. Rb4 Nd5 29. Rb8+ Kd7 30. Rf8 f5 31. g3 Kc6 32. Rf7 h5 33. Rxg7 h4 34. Rg6 Kb5 35. Bd6 hxg3 36. hxg3 Ne3 37. Rxe6 Nc4 38. Rf6 Nxb2 39. Ba3 Nc4 40. Rxa6 Kxa6 41. e6 Nxa3 42. e7 Nc2 43. e8=Q 1-0


[Site "https://www.chess.com"]